 Dungeon Crawl Stone Soup version 0.22-a0-877-g5c4e1af (webtiles) character file.

4 GroovyGamera the Charmwright (level 1, 0/16 HPs)
             Began as a Merfolk Skald on July 29, 2018.
             Slain by a gnoll
             ... wielding a +0 spear
              (1 damage)
             ... on level 1 of the Dungeon.
             The game lasted 00:04:27 (430 turns).

GroovyGamera the Charmwright (Merfolk Skald)         Turns: 430, Time: 00:04:28

Health: 0/16       AC:  6    Str: 11    XL:     1   Next: 60%
Magic:  1/3        EV: 11    Int: 12    God:
Gold:   44         SH:  0    Dex: 13    Spells: 3/4 levels left

rFire    . . .     SeeInvis .   a - +0 spear
rCold    . . .     Gourm    .   (no shield)
rNeg     . . .     Faith    .   c - +0 ring mail
rPois    .         Spirit   .   (no helmet)
rElec    .         Reflect  .   (no cloak)
rCorr    .         Harm     .   (no gloves)
MR       .....                  f - +0 pair of boots
Stlth    +.........             (no amulet)
HPRegen  0.05/turn              (no ring)
MPRegen  0.08/turn              (no ring)

@: infused (expiring)
A: change form in water, swift swim, stealthy swim
a: no special abilities


You were on level 1 of the Dungeon.
You were not hungry.

You visited 1 branch of the dungeon, and saw 1 of its levels.

You collected 44 gold pieces.

Inventory:

Hand Weapons
 a - a +0 spear (weapon)
Missiles
 l - 13 bolts
Armour
 b - a +0 leather armour
 c - a +0 ring mail (worn)
 f - a +0 pair of boots (worn)
Jewellery
 g - an uncursed amulet of regeneration {unknown}
Scrolls
 e - a scroll of blinking {unknown}
 j - 2 scrolls of remove curse {unknown}
 k - a scroll of identify {unknown}
Potions
 h - a potion of curing {unknown}
 m - 2 potions of berserk rage {unknown}
Comestibles
 d - a ration
 i - 4 chunks of flesh


   Skills:
 + Level 2.3 Fighting
 + Level 3.1 Polearms
 - Level 0.6 Armour
 - Level 2.6 Dodging
 + Level 2.0 Spellcasting
 + Level 3.3 Charms


You had 3 spell levels left.
You knew the following spells:

 Your Spells              Type           Power        Failure   Level  Hunger
a - Infusion              Chrm           #...         17%         1    ##.....

Your spell library contained the following spells:

 Spells                   Type           Power        Failure   Level  Hunger
 Regeneration             Chrm/Necr      #.........   69%         3    ####...
 Shroud of Golubria       Chrm/Tloc      #.........   45%         2    ###....
 Song of Slaying          Chrm           #.......     26%         2    ###....
 Spectral Weapon          Hex/Chrm       #.......     69%         3    ####...


Dungeon Overview and Level Annotations

Branches:
Dungeon (1/15)

Altars:


Message History

You hit the gnoll.
The gnoll is lightly wounded.
Your magical infusion is running out.
The gnoll barely misses you.
You closely miss the gnoll.
The gnoll is lightly wounded.
You closely miss the gnoll.
The gnoll is lightly wounded.
The gnoll hits you but does no damage.
You hit the gnoll.
The gnoll is moderately wounded.
The gnoll hits you with a spear.
You closely miss the gnoll.
The gnoll is moderately wounded.
The gnoll hits you with a spear!
* * * LOW HITPOINT WARNING * * *
You barely miss the gnoll.
The gnoll is moderately wounded.
The gnoll hits you with a spear.
You die...

##################
#.................
#@################ . #
###########g# #.... ..
#.#.....##....####### #....
...#.#.....#...........######..##
......g.g........................
.....................#.........##
...............#####.#.........#
......#####........#.#........###
>.... ..........................


You could see a gnoll.

Vanquished Creatures
  A goblin (D:1)
  A hobgoblin (D:1)
  A bat (D:1)
  A frilled lizard (D:1)
4 creatures vanquished.

Notes
Turn   | Place    | Note
-------+----------+-------------------------------------------
     0 | D:1      | GroovyGamera the Merfolk Skald began the quest for the Orb.
     0 | D:1      | Reached XP level 1. HP: 16/16 MP: 3/3
   430 | D:1      | Slain by a gnoll

Vault maps used:
D:1:      dpeg_arrival_solitude

Action                   || total
-------------------------++-------
Melee: Spear             ||    27
 Cast: Infusion          ||     1
Armor: Ring mail         ||     8
Dodge: Dodged            ||    12

Table legend:
 A = Spawn XP
 B = Non-spawn XP
 C = Spawn XP percentage of total XP
 D = Spawn monster count
 E = Non-spawn monster count
 F = Spawn count percentage of total count
 G = Total turns spent on level
                    A         B        C        D         E        F      G
               +---------+---------+-------+---------+---------+-------+---------
         Total |       0 |       6 |   0.0 |       0 |       4 |   0.0 |   430
               +---------+---------+-------+---------+---------+-------+---------
           D:1 |       0 |       6 |   0.0 |       0 |       4 |   0.0 |   430
               +---------+---------+-------+---------+---------+-------+---------
